Map: Hard Lead LE

Players

Seamonsta

  • Race: Zerg Zerg
  • Spawn Location: 5:00

SubN - Winner!

  • Race: Zerg Zerg
  • League: Diamond
  • Spawn Location: 11:00

VOD

Have the link to the VOD?

Description

Time

  • Played on: Dec. 22, 2023, 10:41 p.m.
  • Length: 11:56
Show
View Real Time Build Order
Export as new Build Order

Seamonsta Zerg 

Build Orders: Hatch First, Zergling Baneling 

Get SALT Encoding   

  12  0:01  Drone  
  13  0:12  Overlord  
  13  0:17  Drone  
  14  0:30  Drone x2  
  16  0:38  Drone  
  17  0:53  Hatchery  
  17  0:55  Drone  
  17  0:59  Drone  
  18  1:09  Extractor  
  17  1:14  Spawning Pool  
  16  1:19  Drone  
  16  1:20  Drone  
  18  1:27  Drone  
  19  1:38  Overlord  
  19  1:49  Drone  
  20  2:00  Drone  
  21  2:05  Queen  
  21  2:06  Zergling x2  
  21  2:07  Queen  
  26  2:09  Metabolic Boost  
  26  2:11  Zergling x2  
  27  2:22  Drone x2  
  29  2:26  Zergling x2  
  30  2:35  Drone, Baneling Nest  
  30  2:38  Overlord  
  30  2:47  Queen  
  30  2:48  Zergling x2  
  34  2:51  Drone  
  34  2:55  Drone  
  35  2:58  Zergling x2  
  35  3:04  Zergling x2  
  37  3:12  Overlord, Queen  
  38  3:21  Baneling  
  38  3:22  Baneling  
  38  3:25  Zergling x8  
  41  3:34  Zergling x4  
  43  3:38  Zergling x2  
  44  3:46  Zergling x2  
  45  3:49  Baneling  
  45  3:53  Zergling x4  
  47  3:59  Zergling x2  
  46  4:04  Zergling x2  
  46  4:18  Hatchery  
  43  4:25  Zergling x14  
  43  4:30  Baneling x2  
  45  4:31  Baneling  
  45  4:32  Zergling x2, Baneling x3  
  45  4:37  Lair  
  43  4:48  Evolution Chamber  
  43  4:52  Evolution Chamber  
  39  5:06  Drone x2  
  37  5:08  Roach Warren  
  35  5:17  Drone  
  35  5:18  Drone x5  
  41  5:22  Zerg Missile Weapons Level 1  
  41  5:32  Drone x3  
  44  5:36  Extractor  
  43  5:46  Drone x6  
  49  5:50  Overlord  
  49  5:57  Drone x3  
  52  6:04  Glial Reconstitution  
  52  6:05  Roach  
  52  6:08  Roach  
  52  6:11  Overlord  
  56  6:14  Roach  
  57  6:22  Roach  
  57  6:23  Roach x2  
  63  6:31  Roach x2  
  67  6:37  Drone x2  
  67  6:38  Drone x3, Extractor  
  67  6:39  Extractor  
  70  6:40  Overlord  
  70  6:43  Roach  
  70  6:47  Roach  
  74  6:53  Overlord  
  73  7:06  Overlord  
  73  7:07  Roach x4  
  81  7:13  Roach x2  
  81  7:14  Roach x2  
  89  7:17  Overlord  
  89  7:22  Overlord  
  89  7:26  Roach x2  
  91  7:32  Roach x2  
  95  7:39  Roach x3  
  101  7:44  Zerg Missile Weapons Level 2  
  101  7:47  Drone x2  
  103  7:51  Drone  
  103  7:52  Drone x2  
  103  7:54  Overlord  
  106  7:59  Roach  
  108  8:06  Roach x2  
  108  8:07  Roach  
  108  8:09  Overlord  
  114  8:13  Overlord  
  102  8:21  Roach  
  102  8:22  Roach x4  
  110  8:28  Roach x2  
  110  8:33  Roach x3  
  120  8:40  Roach  
  120  8:41  Roach x2  
  126  8:47  Roach x3  
  130  8:51  Overlord  
  130  8:52  Roach  
  132  8:58  Queen  
  132  8:59  Roach  
  136  9:03  Ravager x2  
  136  9:05  Overlord  
  138  9:10  Drone x2  
  138  9:11  Drone x2  
  138  9:13  Ravager x2  
  138  9:14  Ravager x2  
  138  9:15  Overlord  
  146  9:22  Overlord  
  146  9:28  Roach x2  
  146  9:29  Roach x3  
  146  9:33  Zergling x4  
  146  9:34  Zergling x2  
  137  9:39  Queen  
  138  9:52  Roach x4  
  146  9:55  Overlord  
  146  10:04  Ravager x3  
  146  10:05  Roach x2  
  146  10:06  Roach  
  155  10:13  Overlord x2  
  148  10:22  Roach  
  148  10:23  Roach x4  
  135  10:29  Roach x3  
  120  10:38  Roach  
  120  10:39  Roach x3  
  114  10:46  Roach x4  
  91  10:52  Roach x2  
  91  10:55  Roach  
  94  11:01  Overlord  
  94  11:02  Roach  
  93  11:07  Roach  
  87  11:13  Roach x2  
  87  11:17  Roach  
  75  11:22  Roach x5  
  73  11:29  Ravager, Roach  
  73  11:30  Roach  
  67  11:36  Roach  
  63  11:40  Drone  
Show
View Real Time Build Order
Export as new Build Order

SubN Zerg - Winner!

Build Orders: Pool First 

Get SALT Encoding   

  12  0:00  Drone  
  13  0:12  Overlord  
  13  0:16  Drone  
  14  0:30  Drone x2  
  14  0:34  Drone  
  17  0:45  Spawning Pool  
  17  0:48  Drone  
  17  0:50  Extractor  
  16  1:10  Hatchery  
  15  1:17  Drone x2  
  17  1:21  Drone  
  18  1:33  Queen  
  20  1:40  Overlord  
  20  1:48  Drone  
  20  1:49  Drone  
  22  1:54  Metabolic Boost  
  22  2:07  Drone  
  23  2:10  Queen  
  23  2:15  Drone  
  26  2:25  Drone x2  
  28  2:32  Queen  
  28  2:36  Zergling x4  
  32  2:42  Drone  
  33  2:45  Drone x3  
  33  2:47  Overlord  
  36  2:58  Overlord  
  36  3:07  Zergling x6  
  39  3:18  Zergling x4  
  41  3:29  Drone  
  42  3:36  Zergling x2  
  43  3:44  Roach Warren  
  43  3:45  Queen  
  43  3:46  Evolution Chamber  
  43  3:49  Zergling x14, Evolution Chamber  
  46  4:11  Drone x7, Spine Crawler  
  46  4:13  Spine Crawler  
  51  4:21  Queen  
  51  4:26  Overlord x2  
  51  4:27  Overlord x2  
  44  4:43  Drone x4, Extractor  
  44  4:44  Extractor  
  46  4:55  Evolution Chamber  
  45  5:15  Drone x4  
  45  5:16  Extractor  
  45  5:17  Drone x3  
  45  5:20  Drone x2  
  53  5:21  Drone  
  53  5:23  Queen  
  56  5:32  Lair  
  56  5:41  Drone  
  56  5:42  Drone x2  
  59  5:47  Roach  
  59  5:48  Roach x3  
  67  6:13  Roach x4  
  67  6:17  Zerg Melee Weapons Level 1  
  75  6:19  Zerg Missile Weapons Level 1  
  75  6:24  Roach x3  
  74  6:34  Overlord x5  
  74  6:40  Glial Reconstitution  
  74  6:49  Hatchery  
  73  7:00  Roach  
  73  7:01  Roach x8  
  91  7:11  Drone  
  91  7:13  Roach x3  
  91  7:14  Roach  
  96  7:36  Roach  
  96  7:37  Roach x5  
  102  7:45  Roach x2  
  102  7:46  Roach  
  106  7:56  Roach x2  
  106  7:57  Roach x3  
  116  8:07  Roach  
  116  8:08  Roach x2  
  122  8:17  Queen  
  122  8:26  Zerg Missile Weapons Level 2  
  122  8:28  Zerg Ground Armor Level 1  
  122  8:35  Overlord x6  
  122  8:37  Extractor  
  121  8:41  Extractor  
  121  8:46  Overseer  
  118  8:57  Zergling x6  
  118  8:58  Zergling x8  
  118  9:02  Drone x6  
  131  9:10  Drone x4  
  135  9:22  Drone x3  
  121  9:43  Roach  
  121  9:44  Roach x9  
  135  9:46  Ravager  
  135  9:47  Ravager x6  
  135  9:48  Ravager  
  135  9:49  Ravager x5  
  148  9:54  Drone  
  148  9:55  Roach x4  
  157  10:03  Roach x2  
  158  10:11  Roach x2  
  160  10:16  Roach  
  160  10:17  Overlord x2  
  115  10:46  Roach x9  
  118  10:52  Queen  
  120  10:58  Extractor  
  120  11:02  Queen  
  117  11:14  Roach  
  117  11:15  Hatchery, Roach x8  
Tags
 
League
Diamond
Matchup
ZvZ
Race
Zerg
Replay Pack
2025 replay dump
Spawn Locations
Cross Positions
Add a new tag
Caveats
  • Supply blocks, unpowered buildings, or Contaminate may cause inaccurate times.
  • Supply counts are checked every 10 seconds.